 Dungeon Crawl Stone Soup version 0.32-a0-996-gb3226c233f (webtiles) character file.

Game seed: 1702436253719908967

12 HilariousDeathArtist the Conjurer (level 2, -1/19 HPs)
             Began as a Coglin Conjurer on Apr 23, 2024.
             Constricted to death by a ball python (2 damage)
             ... on level 1 of the Dungeon.
             The game lasted 00:00:39 (385 turns).

HilariousDeathArtist the Conjurer (Coglin Conjurer)  Turns: 385, Time: 00:00:40

Health: -1/19      AC:  2    Str:  7    XL:     2   Next: 33%
Magic:  0/5        EV:  1    Int: 17    God:
Gold:   8          SH:  0    Dex: 12    Spells: 5/6 levels left

rFire   . . .        b - +0 whip {Sagil-Zimu}
rCold   . . .        (no shield)
rNeg    . . .        a - +0 robe
rPois   .            (no helmet)
rElec   .            (no cloak)
rCorr   .            (no gloves)
SInv    .            (no boots)
Will    .....        (amulet unavailable)
Stlth   ++           (ring unavailable)
HPRegen 0.23/turn    (ring unavailable)
MPRegen 0.09/turn    (no gizmo)

%: no passive effects
@: constricted, revved
A: off-hand wielding, slow wielding, warmup strikes, no jewellery
a: Invent Gizmo


You were on level 1 of the Dungeon.
You visited 1 branch of the dungeon, and saw 1 of its levels.

You collected 8 gold pieces.

Inventory:

Hand Weapons
 b - a +0 whip (weapon) {Sagil-Zimu}
   (You found it on level 1 of the Dungeon)
Missiles
 c - 4 poisoned darts
Armour
 a - a +0 robe (worn)
Scrolls
 e - a scroll of fog {unknown}
 f - a scroll of amnesia {unknown}
Potions
 d - a potion of brilliance {unknown}
 g - a potion of attraction {unknown}
 M - a potion of magic


   Skills:
 - Level 1.7 Dodging
 - Level 1.5 Stealth
 + Level 2.5 Spellcasting
 - Level 3.6 Conjurations


You had 5 spell levels left.
You knew the following spells:

 Your Spells              Type           Power      Damage    Failure   Level
a - Magic Dart            Conj           56%        1d5       4%          1

Your spell library contained the following spells:

 Spells                   Type           Power      Damage    Failure   Level
 Searing Ray              Conj           28%        2d5       6%          2
 Fulminant Prism          Conj/Alch      4%         3d5       65%         4
 Iskenderun's Mystic Bla Conj/Tloc 8%             2d4        (+2d1     65%         4


Dungeon Overview and Level Annotations

Branches:
Dungeon (1/15)

Altars:


Innate Abilities, Weirdness & Mutations

You can wield a second weapon in your off-hand.
It takes a long time for you to wield or remove held weapons.
Your first few attacks do less damage.
You cannot equip rings or amulets.


Message History

You see here a +0 leather armour.
A quokka comes into view.
The magic dart hits the quokka.
You now have 4/5 mp.
You miscast Magic Dart.
You are very lightly contaminated with residual magic.
Nothing appears to happen.
You now have 3/5 mp.
The magic dart hits the quokka.
You kill the quokka!
You now have 2/5 mp.
No target in view!
No target in view!
Your magical contamination has completely faded away.
A kobold comes into view. It is wielding a +0 short sword.
The kobold shouts!
The kobold moves out of view.
MP restored: 5 No target in view!
A kobold comes into view. It is wielding a +0 dagger.
There are monsters nearby!
The magic dart hits the kobold.
The kobold shouts!
You hear an angry hiss.
A ball python comes into view.
You now have 4/5 mp.
The magic dart hits the kobold but does no damage.
You now have 3/5 mp.
The magic dart hits the kobold but does no damage.
You now have 2/5 mp.
You hit the kobold but do no damage. The kobold barely misses you.
You barely miss the kobold. The kobold barely misses you.
You barely miss the kobold. You hit the kobold.
The kobold hits you with a +0 short sword.
You take 1 damage, and have 18/19 hp.
You hit the kobold.
You kill the kobold!
The kobold hits you with a +0 dagger.
You hit the kobold but do no damage. The kobold closely misses you.
You hit the kobold. The kobold hits you with a +0 dagger.
The kobold barely misses you.
You take 2 damage, and have 16/19 hp.
You miss the kobold. The kobold hits you with a +0 dagger.
You take 2 damage, and have 14/19 hp.
You closely miss the kobold. The kobold misses you.
You barely miss the kobold. The kobold barely misses you.
You hit the kobold. The kobold hits you with a +0 dagger.
You take 2 damage, and have 13/19 hp.
You closely miss the kobold. The kobold hits you with a +0 dagger.
You take 3 damage, and have 10/19 hp.
You are too injured to fight recklessly!
You are too injured to fight recklessly!
Unknown command.
You are too injured to fight recklessly!
You hit the kobold but do no damage. The kobold hits you but does no damage.
You closely miss the kobold. The kobold barely misses you.
You closely miss the kobold. The kobold hits you but does no damage.
Press: ? - help, Shift-Dir - straight line, f - kobold
Aim: a kobold, wielding a +0 dagger (severely wounded, 100% to hit)
The magic dart hits the kobold but does no damage.
The kobold barely misses you.
You now have 2/5 mp.
Press: ? - help, Shift-Dir - straight line, f/p - kobold
Aim: a kobold, wielding a +0 dagger (severely wounded, 100% to hit)
The magic dart hits the kobold but does no damage.
The kobold hits you with a +0 dagger.
You take 2 damage, and have 9/19 hp.
You now have 1/5 mp.
Press: ? - help, Shift-Dir - straight line, f/p - kobold
Aim: a kobold, wielding a +0 dagger (severely wounded, 100% to hit)
The magic dart hits the kobold but does no damage.
The kobold closely misses you.
Press: ? - help, Shift-Dir - straight line, f/p - kobold
Aim: a kobold, wielding a +0 dagger (severely wounded, 100% to hit)
The magic dart hits the kobold.
You kill the kobold!
The ball python barely misses you. The ball python grabs you.
The ball python constricts you.
You take 2 damage, and have 7/19 hp.
You now have 0/5 mp.
You barely miss the ball python. The ball python bites you.
The ball python constricts you.
* * * LOW HITPOINT WARNING * * *
You take 2 damage, and have 5/19 hp.
You closely miss the ball python.
The ball python bites you but does no damage.
The ball python constricts you.
* * * LOW HITPOINT WARNING * * *
You closely miss the ball python.
The ball python bites you but does no damage.
The ball python constricts you.
* * * LOW HITPOINT WARNING * * *
The ball python bites you but does no damage.
The ball python constricts you.
* * * LOW HITPOINT WARNING * * *
You take 3 damage, and have 2/19 hp.
The ball python's grasp on you weakens, but your attempt to escape fails.
The ball python bites you.
* * * LOW HITPOINT WARNING * * *
The ball python constricts you.
You die...

########## .........#
########.# # #.# ..
##### #.# ... ####...##
#.# .........###.###.#
.#...##.# ##.##.##
......S@# #.....#
.#...##)#####.##..######
#...###.#.#.###...†....
#..†.....#[.....#######
#=.######.####### #. ###
####. #.... #.#.#
..♣P.♣.PPP #....


You could see a ball python.

Vanquished Creatures
  2 ball pythons (D:1)
  A bat (D:1)
  A goblin (D:1)
  2 kobolds (D:1)
  2 quokkas (D:1)
  A frilled lizard (D:1)
  2 rats (D:1)
11 creatures vanquished.

Notes
Turn   | Place    | Note
-------+----------+-------------------------------------------
     0 | D:1      | HilariousDeathArtist the Coglin Conjurer began the quest
                  | for the Orb.
     0 | D:1      | Reached XP level 1. HP: 13/13 MP: 3/3
   159 | D:1      | Reached skill level 2 in Spellcasting
   163 | D:1      | HP: 3/13 [constriction (2)]
   235 | D:1      | Reached XP level 2. HP: 19/19 MP: 3/5
   384 | D:1      | HP: 4/19 [constriction (1)]
   385 | D:1      | HP: 1/19 [ball python (1)]
   385 | D:1      | Constricted to death by a ball python

Illustrated notes

Levels and vault maps discovered:
D:1:      minmay_arrival_arboretum_small, layout_loops_ring,
          hellmonk_ecumenical_altar_heavens_door, st_stairs_2

Skill      XL: |  1 |
---------------+----+-----
Spellcasting   | 2 |  2.5
Dodging        | |  1.7
Stealth        | |  1.5
Conjurations   | |  3.6

Action                     || total
---------------------------++-------
  Melee: Whip              ||    31
   Cast: Magic Dart        ||    18
 Armour: Robe              ||    34
  Dodge: Dodged            ||    15

Table legend: (Time is in decaauts)
 A = Elapsed time spent in this place.
 B = Non-inter-level travel time spent in this place.
 C = Inter-level travel time spent in this place.
 D = Time resting spent in this place.
 E = Time spent auto-exploring this place.
 F = Levels seen in this place.
 G = Mean time per level.
                   A        B        C        D        E       F      G
               +--------+--------+--------+--------+--------+-----+--------+
         Total |    388 |    388 |      0 |      0 |    305 |   1 |  388.0 |
       Dungeon |    388 |    388 |      0 |      0 |    305 |   1 |  388.0 |
               +--------+--------+--------+--------+--------+-----+--------+

Top non-repeatable levels by time:
     D:1: 388 daAuts

Levels and vault maps discovered:
D:1:      minmay_arrival_arboretum_small, layout_loops_ring,
          hellmonk_ecumenical_altar_heavens_door, st_stairs_2

Table legend: (Time is in decaauts)
 A = Elapsed time spent in this place.
 B = Non-inter-level travel time spent in this place.
 C = Inter-level travel time spent in this place.
 D = Time resting spent in this place.
 E = Time spent auto-exploring this place.
 F = Levels seen in this place.
 G = Mean time per level.
                   A        B        C        D        E       F      G
               +--------+--------+--------+--------+--------+-----+--------+
         Total |    388 |    388 |      0 |      0 |    305 |   1 |  388.0 |
       Dungeon |    388 |    388 |      0 |      0 |    305 |   1 |  388.0 |
               +--------+--------+--------+--------+--------+-----+--------+

Top non-repeatable levels by time:
     D:1: 388 daAuts

Table legend:
 A = Kills in this place as a percentage of kills in the entire game.
 B = Kills by you in this place as a percentage of kills by you in the entire game.
 C = Kills by friends in this place as a percentage of kills by friends in the entire game.
 D = Other kills in this place as a percentage of other kills in the entire game.
 E = Experience gained in this place as a percentage of experience gained in the entire game.
 F = Experience gained in this place divided by the number of levels of this place that you have seen.
                   A       B       C       D       E      F
               +-------+-------+-------+-------+-------+----------------------
         Total | 100.0 | 100.0 |   N/A |   N/A | 100.0 |  18.0
       Dungeon | 100.0 | 100.0 |   N/A |   N/A | 100.0 |  18.0
               +-------+-------+-------+-------+-------+----------------------
